 Dungeon Crawl Stone Soup version 0.24.0-13-gcf9b319 (webtiles) character file.

Game seed: 3406291098037889873, levelgen mode: deterministic

1418 Bronimir the Digger (level 8, -5/48 HPs)
             Began as an Octopode Earth Elementalist on Mar 4, 2020.
             Was a Follower of Vehumet.
             Slain by a killer bee zombie (8 damage)
             ... on level 6 of the Dungeon.
             The game lasted 00:15:33 (6218 turns).

Bronimir the Digger (Octopode Earth Elementalist)   Turns: 6218, Time: 00:15:33

Health: -5/48      AC:  1    Str:  8    XL:     8   Next: 71%
Magic:  3/14       EV: 14    Int: 23    God:    Vehumet [*.....]
Gold:   154        SH:  0    Dex: 12    Spells: 5/15 levels left

rFire    . . .     SeeInvis .   a - +1 dagger (speed)
rCold    . . .     Gourm    .   (no shield)
rNeg     . . .     Faith    .   (helmet restricted)
rPois    .         Spirit   .   (no amulet)
rElec    .         Reflect  .   j - ring of stealth
rCorr    .         Harm     .   E - +4 ring of intelligence
MR       .....                  (no ring)
Stlth    +++++.....             (no ring)
HPRegen  0.16/turn              (no ring)
MPRegen  0.14/turn              (no ring)
                                (no ring)
                                (no ring)

@: no status effects
A: almost no armour, stealthy swim, amphibious, 8 rings, constrict 8, camouflage
1, gelatinous body 1
a: Renounce Religion


You were on level 6 of the Dungeon.
You worshipped Vehumet.
Vehumet was aware of your devotion.
You were near starving.

You visited 2 branches of the dungeon, and saw 7 of its levels.

You collected 154 gold pieces.

Inventory:

Hand Weapons
 a - a +1 dagger of speed (weapon)
 b - a +0 hunting sling
 e - a +0 dagger
 f - a +0 club
 w - a +0 spear
 y - a +3 short sword
Missiles
 m - 40 poisoned darts (quivered)
 n - 29 arrows
 r - 100 stones
 s - 39 sling bullets
Magical Staves
 F - an uncursed staff of cold
Jewellery
 j - a ring of stealth (left tentacle)
 E - a +4 ring of intelligence (right tentacle)
Wands
 G - a wand of paralysis (8)
 H - a wand of disintegration (6)
Scrolls
 g - 4 scrolls of remove curse {unknown}
 h - 2 scrolls of noise {unknown}
 i - 3 scrolls of blinking {unknown}
 o - 4 scrolls of amnesia {unknown}
 p - 8 scrolls of teleportation {unknown}
 t - a scroll of fear {unknown}
 v - a scroll of magic mapping {unknown}
 x - 4 scrolls of immolation {unknown}
 B - 4 scrolls of random uselessness {unknown}
 C - 3 scrolls of identify {unknown}
Potions
 d - a potion of lignification {unknown}
 k - a potion of brilliance {unknown}
 l - 2 potions of heal wounds {unknown}
 q - 2 potions of haste {unknown}
 u - 3 potions of might {unknown}
 z - a potion of degeneration {unknown}
 A - a potion of resistance {unknown}
 D - a potion of berserk rage {unknown}
Comestibles
 c - 9 rations


   Skills:
 + Level 1.3 Fighting
 + Level 1.6 Short Blades
 * Level 3.9 Dodging
 + Level 5.6 Stealth
 + Level 4.4 Spellcasting
 * Level 3.7 Conjurations
 + Level 1.2 Transmutations
 * Level 7.0 Earth Magic


You had 5 spell levels left.
You knew the following spells:

 Your Spells              Type           Power        Failure   Level  Hunger
a - Sandblast             Erth           #####.       1%          1    None
b - Passwall              Tmut/Erth      ###.....     2%          2    None
c - Stone Arrow           Conj/Erth      ####..       3%          3    ##.....
d - Petrify               Tmut/Erth      ###.....     19%         4    ####...

Your spell library contained the following spells:

 Spells                   Type           Power        Failure   Level  Hunger
 Magic Dart               Conj           ###.         2%          1    None
 Lee's Rapid Deconstruct  Erth           #####.....   16%         5    #####..


Dungeon Overview and Level Annotations

Branches:
Dungeon (6/15)             Temple (1/1) D:4

Altars:
Ashenzari
Elyvilon
Fedhas
Gozag
Hepliaklqana
Kikubaaqudgha
Makhleb
Nemelex Xobeh
Okawaru
Qazlal
Ru
Sif Muna
Uskayaw
Vehumet
Yredelemnul
Zin

Shops:
D:4 [   D:5 *%


Innate Abilities, Weirdness & Mutations

You cannot wear most types of armour.
You are very stealthy in the water. (Stealth+)
You are amphibious.
You can wear up to eight rings at the same time.
You can use your tentacles to constrict eight enemies at once.
Your skin changes colour to match your surroundings (Stealth+).
Your rubbery body absorbs attacks. (AC +1, EV +1)


Message History

Aim: an orc wizard, wielding a +0 dagger and wearing a +0 robe (lightly wounded, fast)
The blast of sand hits the orc wizard!
You kill the orc wizard!
Vehumet accepts your kill.
r - 100 stones A jelly comes into view.
The killer bee zombie hits you! The bullfrog hits you!
* * * LOW HITPOINT WARNING * * *
An orc comes into view.
Okay, then.
Okay, then.
Okay, then.
The killer bee zombie hits you.
* * * LOW HITPOINT WARNING * * *
The bullfrog completely misses you.
The killer bee zombie closely misses you.
The killer bee zombie misses you. The bullfrog hits you.
* * * LOW HITPOINT WARNING * * *
The killer bee zombie hits you!
You die...

........####......$.....
..........)#..........#
......................# #
.........###..........#.#
....##.#.###.......)o...#
...###.#.##.......?.....#
#..................†......
##..######.....$oZ........
#..$...@F...../≈≈
#..$....#≈.#.#..≈
#...#####..≈≈..J... #.###
####≈≈###J. ... .≈.. ###
#.##≈ ##


You could see a bullfrog, a jelly, an orc wizard, an orc and a killer bee
zombie.

Vanquished Creatures
  Grinder (D:6)
  Sigmund (D:5)
  Eustachio (D:5)
  2 ogres
  A howler monkey (D:5)
  6 crimson imps (D:5)
  A bullfrog skeleton (D:6)
  2 orc priests (D:3)
  A centaur skeleton (D:6)
  2 orc wizards
  A worker ant (D:5)
  The ghost of pepper333 the Cutter, a weakling DrGl (D:3)
  A worker ant zombie (D:5)
  Robin (D:3)
  11 adders
  4 gnolls (D:5)
  A shadow imp (D:6)
  An ooze (D:3)
  4 worms
  3 dart slugs
  5 leopard geckos
  10 orcs
  6 giant cockroaches
  12 goblins
  11 hobgoblins
  7 jackals
  5 quokkas
  2 ball pythons
  9 bats
  7 frilled lizards
  A jackal skeleton (D:6)
  9 kobolds
  A leopard gecko zombie (D:5)
  7 rats
138 creatures vanquished.

Notes
Turn   | Place    | Note
-------+----------+-------------------------------------------
     0 | D:1      | Bronimir the Octopode Earth Elementalist began the quest
                  | for the Orb.
     0 | D:1      | Reached XP level 1. HP: 11/11 MP: 3/3
   180 | D:1      | Reached XP level 2. HP: 17/17 MP: 1/5
   281 | D:1      | Learned a level 2 spell: Passwall
   460 | D:1      | Reached XP level 3. HP: 21/21 MP: 3/6
  1045 | D:2      | Reached skill level 4 in Earth Magic
  1182 | D:2      | Learned a level 3 spell: Stone Arrow
  1230 | D:2      | Found a faded altar of an unknown god.
  1266 | D:2      | Reached XP level 4. HP: 19/27 MP: 7/7
  2000 | D:2      | Reached XP level 5. HP: 30/31 MP: 9/9
  2064 | D:3      | Noticed Robin
  2285 | D:3      | Killed Robin
  2310 | D:3      | Found a runed translucent gate.
  2310 | D:3      | Found a runed translucent gate.
  2312 | D:3      | Found a runed translucent gate.
  2313 | D:3      | Noticed pepper333's ghost (weakling DrGl)
  2324 | D:3      | Killed pepper333's ghost
  2324 | D:3      | Reached skill level 1 in Conjurations
  2940 | D:3      | Reached XP level 6. HP: 16/37 MP: 6/10
  3108 | D:3      | Learned a level 4 spell: Petrify
  3257 | D:3      | Reached skill level 1 in Short Blades
  3712 | D:4      | Found Ged Otic's Antique Armour Shop.
  4124 | D:4      | Found a staircase to the Ecumenical Temple.
  4131 | Temple   | Entered the Ecumenical Temple
  4178 | Temple   | Became a worshipper of Vehumet
  4260 | D:5      | Entered Level 5 of the Dungeon
  4268 | D:5      | Found Jeky's Food Shop.
  4418 | D:5      | Reached skill level 5 in Earth Magic
  4467 | D:5      | Noticed Sigmund
  4474 | D:5      | Killed Sigmund
  4474 | D:5      | Reached XP level 7. HP: 37/42 MP: 4/12
  4688 | D:5      | Found a sacrificial altar of Ru.
  4816 | D:5      | Noticed Eustachio
  4825 | D:5      | Killed Eustachio
  4825 | D:5      | Reached skill level 5 in Stealth
  4825 | D:5      | Reached skill level 6 in Earth Magic
  5249 | D:5      | Found Souq's Serpentskin Sales.
  5252 | D:5      | Reached XP level 8. HP: 44/47 MP: 9/13
  5489 | D:5      | Reached skill level 1 in Fighting
  5944 | D:6      | Found a shimmering blue altar of Sif Muna.
  5948 | D:6      | Found a basalt altar of Yredelemnul.
  5984 | D:6      | Noticed Grinder
  5997 | D:6      | Killed Grinder
  6161 | D:6      | Reached skill level 7 in Earth Magic
  6211 | D:6      | Reached * piety under Vehumet
  6211 | D:6      | Offered knowledge of Magic Dart by Vehumet.
  6218 | D:6      | Slain by a killer bee zombie

Levels and vault maps discovered:
D:1:      dpeg_arrival_water_altar, layout_basic, minivault_14
D:2:      minmay_wonky_spiral, layout_basic, chequers_ecumenical_altar_grove,
          minmay_unequal
D:3:      minmay_door_path, layout_basic, ebering_ghost_rock_garden,
          st_stairs_6, corexii_leaking_fountain, uniq_robin
D:4:      layout_cave_pools, minmay_temple_entry_statues_pillars, serial_shops,
          shop, first_ration
D:5:      layout_loops_corners, nicolae_overflow_crystal_walls, serial_shops,
          nicolae_shop_stone, guppyfry_shop_venom, uniq_eustachio, uniq_sigmund
D:6:      layout_rooms, tgw_xom, grunt_temple_overflow_open, lemuel_round_altar,
          serial_rivers, chequers_serial_rivers_room_a,
          chequers_serial_rivers_micro_b, chequers_serial_rivers_small_b,
          chequers_serial_rivers_small_b, chequers_serial_rivers_micro_b,
          uniq_prince_ribbit1, uniq_grinder
Temple:   nicolae_temple_god_jail

Skill      XL: |  1  2  3  4  5  6  7  8 |
---------------+-------------------------+-----
Earth Magic    | 4 5 6 7 |  7.0
Stealth        | 3 4 5 |  5.6
Conjurations   | 1 3 |  3.7
Spellcasting   | 3 4 |  4.4
Short Blades   | 1 |  1.6
Dodging        | 3 |  3.9
Fighting       | 1 |  1.3
Transmutations | |  1.2

Action                   |  1- 3 |  4- 6 |  7- 9 || total
-------------------------+-------+-------+-------++-------
Melee: Short sword       |    25 |    37 |       ||    62
       Constrict         |     7 |    16 |    10 ||    33
       Tentacles         |     2 |    15 |    12 ||    29
       Dagger            |       |    30 |    71 ||   101
 Cast: Sandblast         |    34 |    49 |    26 ||   109
       Stone Arrow       |       |    20 |    11 ||    31
       Passwall          |       |       |     1 ||     1
 Stab: Sleeping          |     7 |    18 |     8 ||    33
  Eat: Chunk             |     1 |    11 |     6 ||    18
Armor: Skin              |     3 |     4 |     4 ||    11
Dodge: Dodged            |    20 |    44 |    41 ||   105
